 Dungeon Crawl Stone Soup version 0.31-a0-963-ga325b2283a (webtiles) character file.

Game seed: 14191388621000229527

74494 drugrobin the Brawler (level 14, -6/171 HPs)
             Began as a Demigod Delver on Oct 26, 2023.
             Mangled by a frost giant
             ... wielding a +0 battleaxe of freezing
              (8 damage)
             ... in an ice cave.
             The game lasted 01:09:02 (31068 turns).

drugrobin the Brawler (Demigod Delver)             Turns: 31068, Time: 01:09:02

Health: -6/171     AC: 27    Str: 21    XL:     14   Next: 65%
Magic:  0/17       EV:  2    Int: 16    God:
Gold:   1578       SH:  0    Dex: 19    Spells: 9/13 levels left

rFire   . .          .
                       - Unarmed
rCold   . . .        a - orb {light}
rNeg    . . .        r - melded +0 ice dragon scales
rPois   +            (helmet currently unavailable)
rElec   .            (cloak currently unavailable)
rCorr   .            (gloves currently unavailable)
SInv    .            (boots currently unavailable)
Will    +++..        P - amulet of guardian spirit
Stlth   +            F - ring of willpower
HPRegen 0.48/turn    O - ring of willpower
MPRegen 0.15/turn

%: guardian spirit
@: tree-form, glowing
A: stationary, stasis, torment immunity, boosted hp, high MP 1, forlorn, divine
attributes
a: no special abilities


You were in an ice cave.
You were a tree.
You visited 3 branches of the dungeon, and saw 18 of its levels.
You also visited: Sewer, Ossuary and Ice Cave.

You collected 1970 gold pieces.
You spent 392 gold pieces at shops.

Inventory:

Hand Weapons
 b - a +0 sling
 c - a +2 dagger of venom
Missiles
 i - 25 boomerangs (quivered)
 q - 51 poisoned darts
Armour
 a - an orb of light (worn)
 h - an orb of wrath
 r - +0 ice dragon scales (melded)
 I - the +0 chain mail of Pride {rElec Will++}
   (You found it on level 4 of the Lair of Beasts)

   rElec:     It insulates you from electricity.
   Will++:    It greatly increases your willpower.
 K - a +2 robe of cold resistance
 U - the +7 plate armour "Issieff" {Int+3}
   (You found it on level 9 of the Dungeon)

   Int+3:     It affects your intelligence (+3).
Jewellery
 D - a ring of flight
 F - a ring of willpower (left branch)
 G - a ring of fire
 N - a +6 ring of intelligence
 O - a ring of willpower (right branch)
 P - an amulet of guardian spirit (around neck)
 R - a ring of wizardry
Talismans
 g - a blade talisman
 y - a beast talisman (active)
Wands
 f - a wand of digging (5)
 v - a wand of quicksilver (16)
 C - a wand of mindburst (5)
 H - a wand of flame (80)
 J - a wand of iceblast (25)
Scrolls
 j - 10 scrolls of teleportation
 t - a scroll of poison
 w - 3 scrolls of blinking
 x - 8 scrolls of fog
 B - 2 scrolls of noise
 E - 5 scrolls of immolation
 M - a scroll of vulnerability
 S - 2 scrolls of revelation
 T - a scroll of fear
 W - a scroll of butterflies
Potions
 d - a potion of enlightenment
 e - 4 potions of haste
 k - 4 potions of attraction
 l - 7 potions of lignification
 m - 11 potions of curing
 n - 7 potions of might
 o - a potion of magic
 p - 4 potions of heal wounds
 s - a potion of invisibility {unknown}
 u - 3 potions of ambrosia
 z - 3 potions of mutation {unknown}
 A - a potion of cancellation
 Q - a potion of resistance {unknown}


   Skills:
 - Level 7.8 Fighting
 - Level 5.6 Dodging
 - Level 4.5 Stealth
 + Level 17.1 Unarmed Combat
 - Level 4.0 Evocations
 * Level 14.0 Shapeshifting


You had 9 spell levels left.
You knew the following spells:

 Your Spells              Type           Power      Damage    Failure   Level
a - Freeze                Ice            0%         1d3       26%         1
b - Blink                 Tloc           0%         N/A       36%         2
c - Summon Small Mammal   Summ           0%         N/A       26%         1

Your spell library contained the following spells:

 Spells                   Type           Power      Damage    Failure   Level
 Apportation              Tloc           0%         N/A       26%         1
 Necrotise                Necr           0%         1d4       26%         1
 Jinxbite                 Hex            0%         N/A       36%         2
 Lesser Beckoning         Tloc           0%         N/A       36%         2
 Momentum Strike          Conj/Tloc      0%         3d8       36%         2
 Dazzling Flash           Conj/Hex       0%         N/A       58%         3
 Frozen Ramparts          Ice            0%         1d1       58%         3
 Hailstorm                Conj/Ice       0%         3d3       58%         3
 Inner Flame              Hex/Fire       0%         N/A       58%         3
 Anguish                  Hex/Necr       0%         N/A       94%         4
 Brom's Barrelling Bould  Conj/Erth      0%         2d3       94%         4
 Cause Fear               Hex            0%         N/A       94%         4
 Flame Wave               Conj/Fire      0%         2d4       94%         4
 Leda's Liquefaction      Hex/Erth       0%         N/A       94%         4
 Passage of Golubria      Tloc           0%         N/A       94%         4
 Sticky Flame             Conj/Fire      0%         2d3       94%         4
 Agony                    Necr           0%         N/A       100%        5
 Alistair's Intoxication  Tmut/Pois      0%         N/A       100%        5
 Borgnjor's Vile Clutch   Necr/Erth      0%         N/A       100%        5
 Fireball                 Conj/Fire      0%         3d3       100%        5
 Iskenderun's Battlesphe  Conj           0%         2d6       100%        5
 Lee's Rapid Deconstruct  Erth           0%         3d4*      100%        5
 Silence                  Hex/Air        0%         N/A       100%        5
 Bombard                  Conj/Erth      0%         9d1       100%        6
 Conjure Ball Lightning   Conj/Air       0%         3x3d6     100%        6
 Eringya's Noxious Bog    Tmut/Pois      0%         4d6       100%        6
 Simulacrum               Ice/Necr       0%         N/A       100%        6
 Enfeeble                 Hex            0%         N/A       100%        7
 Orb of Destruction       Conj           0%         9d5       100%        7
 Ozocubu's Refrigeration  Ice            0%         4d7       100%        7
 Lehudib's Crystal Spear  Conj/Erth      0%         10d2      100%        8
 Chain Lightning          Conj/Air       0%         N/A       100%        9
 Fire Storm               Conj/Fire      0%         5d1       100%        9
 Polar Vortex             Ice            0%         N/A       100%        9
 Shatter                  Erth           0%         3d5*      100%        9


Dungeon Overview and Level Annotations

Branches:
Dungeon (12/15)            Temple (1/1) D:7            Lair (5/5) D:11
 Shoals (0/4) Lair:2        Snake (0/4) Lair:2        Slime (0/5) Lair:5
    Orc (0/2) D:9           Sewer (visited)         Ossuary (visited)
  IceCv (1/1)

Shops:
D:11 [

Annotations:
D:8 exclusion: upstairs
Lair:2 exclusion: oklob plant


Innate Abilities, Weirdness & Mutations

You are a tree.
Your roots penetrate the ground, keeping you stationary.
You cannot be teleported.
You are immune to unholy pain and torment.
Your maximum health is greatly increased.
Your equipment is partially melded.
You have an increased reservoir of magic. (+10% MP)
You shall have no god before yourself.
Your divine heritage dramatically boosts your attributes as you level up.


Message History

You throw a curare-tipped dart.
The curare-tipped dart hits the frost giant.
The frost giant is poisoned.
The frost giant convulses.
The frost giant seems to slow down.
The frost giant is lightly wounded.
The frost giant hits you with a +0 battleaxe of freezing!!
The frost giant freezes you.
Unknown command.
Unknown command.
Okay, then.
Unknown command.
Your transformation has ended.
You turn into a tree.
Your +0 ice dragon scales melds into your body.
Your roots penetrate the ground.
Unknown command.
Unknown command.
You pummel the frost giant!!
The frost giant is moderately wounded.
The frost giant gestures at you while chanting.
The bolt of cold hits you!!!
* * * LOW HITPOINT WARNING * * *
Unknown command.
Unknown command.
Unknown command.
You smack the frost giant!
The frost giant is heavily wounded.
Unknown command.
Unknown command.
You pummel the frost giant!!
The frost giant is severely wounded.
Unknown command.
Unknown command.
Unknown command.
You smack the frost giant!
The frost giant is severely wounded.
The frost giant hits you with a +0 battleaxe of freezing!!
* * * LOW HITPOINT WARNING * * *
The frost giant freezes you!
You die...

# ####...##
#######....###
####....#...###
#...##....### ###
..######### ######C##
#††.### ##:.)#.#.###
##....## #.....###..#
##....######..C##.Y###
###.....#####.♣##.Ck#
##.....####..###.h.#
###....#...## YC..#
####...### .Y.## #####
.### .$ #)


You could see a frost giant (very poisoned, slow).

Vanquished Creatures
  Gastronok (D:11)
  Josephine (Lair:5)
  Erica (D:11)
  A hydra (Lair:4)
  Erolcha (D:11)
  A two-headed ogre (D:12)
  A tengu warrior (D:11)
  23 death yaks
  Sonja (Lair:2)
  Amaemon (Lair:2)
  A lindwurm (Lair:5)
  A deep elf pyromancer (D:11)
  An ugly thing (D:11)
  4 oklob plants (Lair:4)
  3 manticores
  A cyclops (D:11)
  10 elephants (Lair:5)
  An ice statue (IceCv)
  A black mamba (Lair:3)
  11 cane toads
  14 komodo dragons
  An orange demon (Lair:1)
  A kobold demonologist (D:11)
  7 rime drakes
  2 unseen horrors (D:12)
  A queen bee (Lair:2)
  2 trolls (D:11)
  14 polar bears
  13 blink frogs
  7 hornets
  Grinder (D:4)
  2 dream sheep (Lair:5)
  14 spriggans (Lair:5)
  Sigmund (D:3)
  4 slime creatures (D:11)
  75 yaks
  2 shadows
  5 wraiths
  2 vampires
  5 wyverns
  A basilisk (Lair:2)
  A steam dragon (D:8)
  An acid dragon (D:11)
  3 nagas (Lair:2)
  3 wargs (D:9)
  16 water moccasins
  Duvessa (D:4)
  2 orc warriors
  4 ice beasts
  A sky beast (D:7)
  Pargi (Sewer)
  2 black bears (Lair:5)
  3 ogres
  4 boggarts (Lair:5)
  2 centaurs (D:8)
  53 wolves
  4 phantoms
  3 kobold brigands
  16 bullfrogs
  3 gnoll sergeants
  4 scorpions
  3 water moccasin zombies (Ossuary)
  11 wights
  17 killer bees
  An electric eel (Lair:1)
  6 howler monkeys
  3 jellies
  A gnoll bouda (D:5)
  2 hounds (D:5)
  8 orc priests
  7 iguanas
  12 orc wizards
  A sleepcap (D:6)
  10 hell rats
  3 mummies
  33 gnolls
  16 adders
  2 white imps
  4 ufetubi
  5 adder zombies (Ossuary)
  4 worms
  37 orcs
  3 endoplasms
  13 giant cockroaches
  3 gnoll zombies (Ossuary)
  5 goblins
  9 hobgoblins
  8 jackals
  4 quokkas
  9 ball pythons
  9 bats
  3 frilled lizards
  7 hobgoblin zombies (Ossuary)
  40 kobolds
  9 kobold zombies (Ossuary)
  3 orc zombies (Ossuary)
  3 rats
681 creatures vanquished.

Notes
Turn   | Place    | Note
-------+----------+-------------------------------------------
     0 | D:5      | drugrobin the Demigod Delver began the quest for the Orb.
     0 | D:5      | Reached XP level 1. HP: 18/18 MP: 3/3
    46 | D:5      | Reached skill level 2 in Unarmed Combat
    92 | D:5      | Noticed an ice beast
   134 | D:5      | Noticed an iguana
   235 | D:5      | Noticed an iguana
   323 | D:5      | Reached XP level 2. HP: 25/25 MP: 4/4
   378 | D:5      | Reached skill level 3 in Unarmed Combat
   464 | D:5      | Found a sand-covered staircase.
   477 | Ossuary  | Entered an ossuary
   564 | Ossuary  | Reached XP level 3. HP: 24/30 MP: 5/5
   631 | Ossuary  | Reached skill level 4 in Unarmed Combat
   631 | Ossuary  | Reached XP level 4. HP: 37/37 MP: 6/6
   760 | Ossuary  | Reached skill level 5 in Unarmed Combat
   762 | Ossuary  | Reached XP level 5. HP: 42/42 MP: 7/7
  1257 | D:4      | Noticed an ogre
  1258 | D:4      | Found a glowing drain.
  1351 | D:4      | Reached skill level 6 in Unarmed Combat
  1351 | D:4      | Reached XP level 6. HP: 50/50 MP: 8/8
  1450 | Sewer    | Entered a sewer
  1673 | Sewer    | Noticed Pargi
  1679 | Sewer    | Killed Pargi
  1766 | D:4      | Reached skill level 7 in Unarmed Combat
  3125 | D:2      | Reached skill level 1 in Evocations
  3278 | D:2      | Reached XP level 7. HP: 56/56 MP: 9/9
  3375 | D:2      | Identified the +0 leather armour "Nusyhel" {Str+5}
  3477 | D:2      | Learned a level 1 spell: Freeze
  4022 | D:3      | Noticed Ijyb
  4364 | D:3      | Noticed Sigmund
  4382 | D:3      | Killed Sigmund
  4383 | D:3      | Reached skill level 1 in Shapeshifting
  4534 | D:3      | Ijyb changed into Ijyb the orc
  4534 | D:3      | Noticed Ijyb
  4535 | D:3      | Killed Ijyb the orc
  4583 | D:4      | Noticed Grinder
  4590 | D:4      | Killed Grinder
  4591 | D:4      | Reached skill level 8 in Unarmed Combat
  4591 | D:4      | Reached XP level 8. HP: 62/62 MP: 10/10
  4623 | D:4      | Noticed Duvessa
  4646 | D:4      | Noticed Dowan
  4653 | D:4      | Killed Duvessa
  4655 | D:4      | Dowan changed into Dowan the jelly
  4655 | D:4      | Noticed Dowan
  4657 | D:4      | Killed Dowan the jelly
  5049 | D:4      | Learned a level 2 spell: Blink
  5944 | D:5      | Reached skill level 9 in Unarmed Combat
  6419 | D:6      | Reached XP level 9. HP: 68/68 MP: 11/11
  6541 | D:6      | Reached skill level 5 in Shapeshifting
  6726 | D:6      | Learned a level 1 spell: Summon Small Mammal
  8142 | D:7      | Found a staircase to the Ecumenical Temple.
  8313 | D:8      | Noticed a two-headed ogre
  8337 | Temple   | Entered the Ecumenical Temple
  8343 | Temple   | Reached skill level 10 in Unarmed Combat
  9094 | D:8      | Noticed Grum
  9125 | D:8      | Grum changed into Grum the hornet
  9125 | D:8      | Noticed Grum
  9133 | D:8      | Killed Grum the hornet
  9889 | D:7      | Reached XP level 10. HP: 64/74 MP: 10/13
 10089 | D:8      | Reached skill level 5 in Dodging
 11520 | D:9      | Identified the +7 plate armour "Issieff" {Int+3}
 12378 | D:9      | Found a staircase to the Orcish Mines.
 12389 | D:9      | Reached skill level 11 in Unarmed Combat
 12664 | D:10     | Entered Level 10 of the Dungeon
 13653 | D:11     | Noticed Gastronok
 13672 | D:11     | Killed Gastronok
 13762 | D:11     | Found Xiymepenn's Armour Shoppe.
 13811 | D:11     | Noticed Erolcha
 13817 | D:11     | Killed Erolcha
 13818 | D:11     | Reached skill level 12 in Unarmed Combat
 13818 | D:11     | Reached XP level 11. HP: 79/85 MP: 12/14
 13893 | D:11     | Noticed a tengu warrior
 13959 | D:11     | Found a staircase to the Lair.
 14091 | D:11     | Found Waozewn's Distillery.
 14099 | D:11     | Bought a potion of degeneration for 14 gold pieces
 14099 | D:11     | Bought a potion of enlightenment for 70 gold pieces
 14099 | D:11     | Bought a potion of might for 56 gold pieces
 14099 | D:11     | Bought 2 potions of heal wounds for 140 gold pieces
 14099 | D:11     | Bought a potion of ambrosia for 112 gold pieces
 14139 | D:11     | Noticed Erica
 14147 | D:11     | Killed Erica
 14148 | D:11     | Reached skill level 5 in Fighting
 14454 | D:11     | Killed a tengu warrior
 14884 | D:11     | Reached skill level 13 in Unarmed Combat
 15282 | Lair:1   | Entered Level 1 of the Lair of Beasts
 16387 | Lair:1   | Reached skill level 14 in Unarmed Combat
 16735 | Lair:1   | Identified a scroll of acquirement
 16736 | Lair:1   | Acquired 935 gold pieces
 16898 | Lair:2   | Reached XP level 12. HP: 86/100 MP: 12/15
 17068 | Lair:2   | Found a staircase to the Shoals.
 17383 | Lair:2   | Noticed Amaemon
 17394 | Lair:2   | Killed Amaemon
 17574 | Lair:2   | Noticed Sonja
 17585 | Lair:2   | Killed Sonja
 18488 | Lair:2   | Identified the +7 flail "Xemir" {flame, Int+5}
 18518 | Lair:2   | Found a staircase to the Snake Pit.
 19811 | Lair:3   | Reached skill level 15 in Unarmed Combat
 21764 | Lair:4   | Reached XP level 13. HP: 84/107 MP: 11/16
 21918 | Lair:4   | Identified the +0 chain mail of Pride {rElec Will++}
 22372 | Lair:4   | Reached skill level 10 in Shapeshifting
 24382 | Lair:5   | Entered Level 5 of the Lair of Beasts
 24489 | Lair:5   | Reached skill level 16 in Unarmed Combat
 24659 | Lair:5   | Noticed Josephine
 24667 | Lair:5   | Killed Josephine
 26383 | Lair:5   | Reached XP level 14. HP: 19/114 MP: 4/17
 27452 | Lair:5   | Found a staircase to the Slime Pits.
 27944 | Lair:5   | Identified the +2 robe "Puatox" {Str+4}
 29008 | D:12     | Found a frozen archway.
 29047 | IceCv    | Entered an ice cave
 29790 | IceCv    | Reached skill level 17 in Unarmed Combat
 30533 | IceCv    | Noticed a frost giant
 31068 | IceCv    | HP: 2/171 [frost giant/+0 battleaxe of freezing (26)]
 31068 | IceCv    | Mangled by a frost giant

Illustrated notes

Levels and vault maps discovered:
D:1:      ldierk_walled_garden, layout_loops_ring, columned_hall_lemuel
D:2:      minmay_razor_zed, layout_loops_corners, minmay_puff
D:3:      layout_basic, lemuel_round_altar, vehumet_altar_wand_db, uniq_ijyb,
          uniq_sigmund
D:4:      layout_rooms, grunt_temple_overflow_open, minitemple,
          gup_sewer_entry_glass, grunt_ministairs_10, minmay_surrounded,
          uniq_grinder, uniq_duvessa
D:5:      layout_loops_ring, lemuel_crystal_altar, gup_ossuary_entry_pyramid
D:6:      layout_layer_cave
D:7:      layout_cave_pools, minmay_temple_entry_stoned_glass, roderic_batcave
D:8:      layout_layer_cave, uniq_grum
D:9:      kennysheep_kobold_camp, layout_gridville, minmay_orc_entry_guard_dogs
D:10:     layout_basic
D:11:     layout_roguey, lair_entry_dummy, serial_shops, shop,
          nicolae_inconvenience_store, minmay_circle_x, uniq_gastronok,
          uniq_erica, uniq_erolcha
D:12:     layout_rooms, portal_ice_cave_entry_pillars_1
Temple:   nicolae_temple_bog_church
Lair:1:   layout_gridlike, grunt_megastairs_3, serial_bayou_shore_b
Lair:2:   layout_cave_pods, shoals_dummy_entry,
          minmay_snake_entry_guardpost_small, special_room [special_room_bee],
          serial_bayou_shore_b, uniq_amaemon, uniq_sonja
Lair:3:   layout_chaotic_city, basic_altar, grunt_megastairs_5,
          lemuel_fruit_fields, lemuel_fruit_fields
Lair:4:   minmay_lair_oklob_tunnel, layout_loops_ring, grunt_megastairs_2
Lair:5:   minmay_lair_end_enchanted_forest, layout_regular_city, slime_entry_1,
          lemuel_fruit_tree, uniq_josephine
IceCv:    ice_cave_caverns_01

Skill      XL: |  1  2  3  4  5  6  7  8  9 10 11 12 13 14 |
---------------+-------------------------------------------+-----
Unarmed Combat | 2 3 4 5 6 7 8 9 10 12 14 15 16 17 | 17.1
Evocations     | 1 3 4 |  4.0
Shapeshifting  | 2 4 6 7 9 12 14 | 14.0
Dodging        | 4 5 |  5.6
Fighting       | 4 7 |  7.8
Stealth        | |  4.5

Action                     |  1- 3 |  4- 6 |  7- 9 | 10-12 | 13-15 || total
---------------------------+-------+-------+-------+-------+-------++-------
  Melee: Unarmed           |    50 |   237 |   409 |   785 |   927 ||  2408
         Punch             |       |     8 |     2 |     6 |     7 ||    23
         Short sword       |       |       |     2 |       |       ||     2
         Dagger            |       |       |       |     6 |       ||     6
   Fire: Sling             |       |    31 |     2 |       |       ||    33
  Throw: Boomerang         |       |       |    43 |    13 |    14 ||    70
         Dart              |       |       |    10 |     6 |    12 ||    28
         Throwing net      |       |       |       |     3 |       ||     3
   Cast: Summon Small Mamm |       |       |    21 |    12 |       ||    33
         Blink             |       |       |     1 |       |       ||     1
  Evoke: Wand              |       |     1 |    12 |    26 |     6 ||    45
    Use: Scroll            |       |       |     2 |    13 |     6 ||    21
         Potion            |       |       |       |     1 |     5 ||     6
   Stab: Sleeping          |     1 |     6 |     1 |       |       ||     8
         Paralysed         |       |       |     7 |     4 |       ||    11
         Distracted        |       |       |       |     1 |       ||     1
 Armour: Leather armour    |    29 |    56 |     8 |       |       ||    93
         Chain mail        |       |    29 |    57 |       |       ||    86
         Ring mail         |       |    14 |       |       |       ||    14
         Robe              |       |       |   170 |    40 |       ||   210
         Plate armour      |       |       |       |   657 |   766 ||  1423
         Ice dragon scales |       |       |       |       |    93 ||    93
         Skin              |       |       |       |       |     2 ||     2
  Dodge: Dodged            |    37 |   102 |   242 |   278 |   290 ||   949
   Form: Beast             |       |       |     1 |     1 |     1 ||     3
         Blade             |       |       |       |     1 |     1 ||     2

Table legend: (Time is in decaauts)
 A = Elapsed time spent in this place.
 B = Non-inter-level travel time spent in this place.
 C = Inter-level travel time spent in this place.
 D = Time resting spent in this place.
 E = Time spent auto-exploring this place.
 F = Levels seen in this place.
 G = Mean time per level.
                   A        B        C        D        E       F      G
               +--------+--------+--------+--------+--------+-----+--------+
         Total |  30697 |  29642 |   1055 |   8162 |  14634 |  21 | 1461.8 |
       Dungeon |  14906 |  14235 |    671 |   2382 |   8208 |  12 | 1242.2 |
        Temple |     57 |     57 |      0 |     49 |      0 |   1 |   57.0 |
          Lair |  12790 |  12406 |    384 |   4571 |   5612 |   5 | 2558.0 |
         Sewer |    324 |    324 |      0 |    133 |     23 |   1 |  324.0 |
       Ossuary |    661 |    661 |      0 |    162 |    134 |   1 |  661.0 |
      Ice Cave |   1957 |   1957 |      0 |    862 |    657 |   1 | 1957.0 |
               +--------+--------+--------+--------+--------+-----+--------+

Top non-repeatable levels by time:
  Lair:5: 3050 daAuts
  Lair:4: 2972 daAuts
  Lair:2: 2614 daAuts
     D:8: 2364 daAuts
  Lair:1: 2149 daAuts
    D:11: 2124 daAuts
  Lair:3: 2003 daAuts
   IceCv: 1957 daAuts
     D:6: 1702 daAuts
     D:5: 1339 daAuts
     D:2: 1333 daAuts
     D:9: 1328 daAuts
     D:4: 1119 daAuts
     D:7: 1081 daAuts
    D:10: 971 daAuts
